Remparts vs Ice Dragons
Created - December 30, 2018 at 09:52
Goals
|
| Remparts |
1 |
0 |
0 |
1 |
| Ice Dragons |
1 |
1 |
0 |
2 |
|
Shots
|
| Remparts |
16 |
6 |
11 |
33 |
| Ice Dragons |
10 |
19 |
11 |
40 |
|
1st period
1. Remparts , Chris Mueller 12 (Juuso Ikonen 3, Anton Zlobin 2) at 1:17
2. Ice Dragons , Logan MacMillan 4 (Brayden McNabb 4, Stefan Ruzicka 22) at 9:56 (PP)
Penalties :
Keaton Thompson (Que) for Tripping (Minor) at 9:36
2nd period
3. Ice Dragons , Brendon Nash 2 (David Rundblad 21, Emil Pettersson 2) at 10:45
Penalties :
Roberts Lipsbergs (Que) for Interference (Minor) at 13:21, Keaton Thompson (Que) for Hooking (Minor) at 19:38
3rd period
No Goal
Penalties :
Sam Carrick (Kin) for Slashing (Minor) at 2:55, William Carrier (Kin) for Goalie Interference (Minor) at 7:09, Cédric Lalonde-McNicoll (Que) for Hooking (Minor) at 18:54
Goalie Stats
Jason Missiaen (Que), 38 saves from 40 shots - (0.950), L, 12-8-1, 60:00 minutes
Anders Nilsson (Kin), 32 saves from 33 shots - (0.970), W, 7-10-0, 60:00 minutes
Players Stats for Remparts
Player Name G A P +/- PIM S H SB GA TA FO MP PP MP PK MP
------------------------------------------------------------------------------------
Anton Zlobin 0 1 1 1 0 0 1 0 0 0 0/0 9:53 0:08 0:00
Brandon Gormley 0 0 0 0 0 1 2 2 1 0 0/0 27:02 2:32 3:29
Brandon Mashinter 0 0 0 0 0 1 1 0 1 0 5/12 13:35 0:08 1:07
Cédric Lalonde-McNicoll 0 0 0 0 2 3 3 0 0 0 10/13 16:25 1:52 1:04
Chris Mueller 1 0 1 1 0 6 0 2 0 0 0/2 9:24 0:00 0:00
Daniel Paille 0 0 0 0 0 7 0 0 0 0 1/1 19:10 1:52 3:14
Erik Gustafsson 0 0 0 0 0 1 1 0 0 0 0/0 22:18 2:32 1:54
Griffin Reinhart 0 0 0 0 0 1 1 3 0 1 0/0 20:10 1:26 1:39
Justin Williams 0 0 0 0 0 0 0 0 0 0 0/0 3:40 0:00 0:00
Juuso Ikonen 0 1 1 1 0 2 0 0 0 0 1/1 9:58 0:05 0:29
Keaton Thompson 0 0 0 0 4 0 0 2 0 1 0/0 15:53 0:00 1:50
Max Reinhart 0 0 0 -1 0 4 2 1 0 1 10/32 22:00 1:58 3:26
Michal Jordan 0 0 0 0 0 0 0 2 0 1 0/0 21:54 1:26 1:54
Nail Yakupov 0 0 0 0 0 4 1 0 0 0 0/0 18:00 1:52 0:00
Pontus Aberg 0 0 0 -1 0 0 2 0 0 0 1/1 17:01 2:01 0:00
Roberts Lipsbergs 0 0 0 0 2 1 2 0 0 0 2/3 12:15 0:00 0:00
Ryan Strome 0 0 0 -1 0 2 4 2 1 0 1/2 22:45 1:58 1:26
Viktor Baldayev 0 0 0 0 0 0 1 1 0 1 0/0 13:10 0:00 0:00
Players Stats for Ice Dragons
Player Name G A P +/- PIM S H SB GA TA FO MP PP MP PK MP
------------------------------------------------------------------------------------
Alex Henriksson 0 0 0 0 0 0 0 0 0 0 0/0 0:00 0:00 0:00
Alex Plante 0 0 0 0 0 0 0 0 0 0 0/0 5:36 0:00 0:00
Brandon Kozun 0 0 0 0 0 4 0 1 0 0 0/0 17:34 2:09 0:00
Brayden McNabb 0 1 1 0 0 2 1 3 1 0 0/0 18:15 2:09 1:46
Brendon Nash 1 0 1 0 0 7 4 1 1 0 0/0 25:34 3:14 2:12
Chris Wagner 0 0 0 0 0 2 0 0 0 0 0/0 7:26 0:00 0:00
Christian Djoos 0 0 0 0 0 0 0 0 0 0 0/0 5:36 0:00 0:00
Cole Ully 0 0 0 0 0 1 0 0 0 0 0/0 7:26 0:00 0:00
Damon Severson 0 0 0 0 0 1 1 0 0 1 0/0 10:35 0:00 0:00
David Rundblad 0 1 1 0 0 1 1 2 0 0 0/0 25:34 3:14 2:12
Emil Pettersson 0 1 1 0 0 0 1 0 0 0 2/3 7:26 0:00 0:00
Justin Shugg 0 0 0 0 0 1 0 0 0 0 0/0 11:39 0:00 0:00
Logan MacMillan 1 0 1 0 0 1 2 0 0 1 0/0 20:03 3:14 0:52
Luke Adam 0 0 0 0 0 5 0 0 1 0 21/37 21:26 3:14 2:08
Michael Chaput 0 0 0 0 0 2 0 0 0 0 5/13 18:26 2:09 0:52
Michael Ferland 0 0 0 0 0 0 1 0 0 0 1/2 12:42 0:00 0:58
Michael Stone 0 0 0 0 0 2 1 0 0 0 0/0 18:15 2:09 1:46
Sam Carrick 0 0 0 0 2 1 0 1 1 1 4/8 11:45 0:00 0:00
Samuel Groulx 0 0 0 0 0 2 0 2 0 0 0/0 10:35 0:00 0:00
Stefan Ruzicka 0 1 1 0 0 5 0 0 1 0 2/3 21:26 3:14 2:08
Theodor Blueger 0 0 0 0 0 0 0 0 0 0 0/0 0:03 0:00 0:03
Thomas Gobeil 0 0 0 0 0 0 0 0 0 0 1/1 1:00 0:00 0:55
William Carrier 0 0 0 0 2 3 5 0 0 0 0/0 17:38 2:09 0:00
3 Stars
1 - Anders Nilsson (Kin)
2 - Jason Missiaen (Que)
3 - Brendon Nash (Kin)
Power Play
Remparts - 0 on 2 Attempt(s) - 0.00%
Ice Dragons - 1 on 4 Attempt(s) - 25.00%
Penalty Kill
Remparts - 3 on 4 Attempt(s) - 75.00%
- Score 0 goal in Penalty Kill
Ice Dragons - 2 on 2 Attempt(s) - 100.00%
- Score 0 goal in Penalty Kill
Team Stat
Remparts - Hits : 21 - Faceoff Wins : 31 - Blocked Shots : 15 - Penalty Minutes : 8
Ice Dragons - Hits : 17 - Faceoff Wins : 36 - Blocked Shots : 10 - Penalty Minutes : 4
Official
Referees : Unknown
Linesman : Unknown
Game Notes
Justin Williams is injured at 16:42 of 1st period (Left Hip)
Finance
Level 1 -- Attendance: 1444 (72.20%) -- Ticket Income $57,760
Level 2 -- Attendance: 689 (68.90%) -- Ticket Income $13,780
Total Attendance: 2133 (71.10%)
Total Ticket Income: $71,540
Other Income: $3,577
Total Income: $75,117
Remparts
5 vs 5 Forward
Center Left Wing Right Wing Time % Phy DF OF
1 Max Reinhart Pontus Aberg Ryan Strome 40 1 2 2
2 Cédric Lalonde-McNicoll Daniel Paille Nail Yakupov 30 1 2 2
3 Brandon Mashinter Roberts Lipsbergs Justin Williams 20 1 2 2
4 Chris Mueller Juuso Ikonen Anton Zlobin 10 1 2 2
5 vs 5 Defense
Defense Defense Time % Phy DF OF
1 Brandon Gormley Erik Gustafsson 40 1 2 2
2 Griffin Reinhart Michal Jordan 30 1 2 2
3 Viktor Baldayev Keaton Thompson 20 1 2 2
4 Brandon Gormley Michal Jordan 10 1 2 2
PowerPlay Forward
Center Left Wing Right Wing Time % Phy DF OF
1 Max Reinhart Pontus Aberg Ryan Strome 60 1 2 2
2 Cédric Lalonde-McNicoll Daniel Paille Nail Yakupov 40 1 2 2
PowerPlay Defense
Defense Defense Time % Phy DF OF
1 Brandon Gormley Erik Gustafsson 60 1 2 2
2 Michal Jordan Griffin Reinhart 40 1 2 2
Penalty Kill 4 Players Forward
Center Wing Time % Phy DF OF
1 Max Reinhart Daniel Paille 60 1 2 2
2 Cédric Lalonde-McNicoll Ryan Strome 40 1 2 2
Penalty Kill 4 Players Defense
Defense Defense Time % Phy DF OF
1 Brandon Gormley Keaton Thompson 60 1 2 2
2 Erik Gustafsson Michal Jordan 40 1 2 2
Penalty Kill - 3 Players Forward
Forward Time % Phy DF OF
1 Max Reinhart 60 1 2 2
2 Cédric Lalonde-McNicoll 40 1 2 2
Penalty Kill - 3 Players Defense
Defense Defense Time % Phy DF OF
1 Brandon Gormley Keaton Thompson 60 1 2 2
2 Erik Gustafsson Michal Jordan 40 1 2 2
4 vs 4 Forward
Center Wing Time % Phy DF OF
1 Max Reinhart Pontus Aberg 60 1 2 2
2 Cédric Lalonde-McNicoll Ryan Strome 40 1 2 2
4 vs 4 Defense
Defense Defense Time % Phy DF OF
1 Brandon Gormley Erik Gustafsson 60 1 2 2
2 Michal Jordan Griffin Reinhart 40 1 2 2
Last Minutes Offensive
Center Left Wing Right Wing Defense Defense
Max Reinhart Pontus Aberg Ryan Strome Brandon Gormley Erik Gustafsson
Last Minutes Defensive
Center Left Wing Right Wing Defense Defense
Max Reinhart Daniel Paille Ryan Strome Brandon Gormley Keaton Thompson
Goaltenders
Starting : Jason Missiaen
Backup : Tyler Plante
Extra Forwards
Normal : Ryan Strome, Nail Yakupov, Max Reinhart - PP : Nail Yakupov, Ryan Strome - PK : Brandon Mashinter
Extra Defensemen
Normal : Griffin Reinhart, Brandon Gormley, Michal Jordan - PP : Griffin Reinhart - PK : Griffin Reinhart, Michal Jordan
Penalty Shots
Daniel Paille, Ryan Strome, Max Reinhart, Brandon Mashinter, Pontus Aberg
Scratches
Michael Downing (Healthy), Guillaume Desbiens (Sprained Left Finger Injury), Kyle Platzer (Healthy), Connor Honey (Healthy), Niklas Hansson (Right Foot Injury)
Mitchell Heard (Healthy), Tim Bozon (Healthy), Igor Bobkov (Healthy), François Brassard (Healthy)
Ice Dragons
5 vs 5 Forward
Center Left Wing Right Wing Time % Phy DF OF
1 Luke Adam Logan MacMillan Stefan Ruzicka 40 1 2 2
2 Michael Chaput William Carrier Brandon Kozun 30 1 2 2
3 Sam Carrick Michael Ferland Justin Shugg 20 1 2 2
4 Emil Pettersson Cole Ully Chris Wagner 10 1 2 2
5 vs 5 Defense
Defense Defense Time % Phy DF OF
1 Brendon Nash David Rundblad 40 1 2 2
2 Brayden McNabb Michael Stone 30 1 2 2
3 Damon Severson Samuel Groulx 20 1 2 2
4 Alex Plante Christian Djoos 10 1 2 2
PowerPlay Forward
Center Left Wing Right Wing Time % Phy DF OF
1 Luke Adam Logan MacMillan Stefan Ruzicka 60 1 2 2
2 Michael Chaput William Carrier Brandon Kozun 40 1 2 2
PowerPlay Defense
Defense Defense Time % Phy DF OF
1 Brendon Nash David Rundblad 60 1 2 2
2 Brayden McNabb Michael Stone 40 1 2 2
Penalty Kill 4 Players Forward
Center Wing Time % Phy DF OF
1 Stefan Ruzicka Luke Adam 60 1 2 2
2 Michael Chaput Logan MacMillan 40 1 2 2
Penalty Kill 4 Players Defense
Defense Defense Time % Phy DF OF
1 Brendon Nash David Rundblad 60 1 2 2
2 Brayden McNabb Michael Stone 40 1 2 2
Penalty Kill - 3 Players Forward
Forward Time % Phy DF OF
1 Stefan Ruzicka 60 1 2 2
2 Luke Adam 40 1 2 2
Penalty Kill - 3 Players Defense
Defense Defense Time % Phy DF OF
1 Brendon Nash David Rundblad 60 1 2 2
2 Brayden McNabb Michael Stone 40 1 2 2
4 vs 4 Forward
Center Wing Time % Phy DF OF
1 Stefan Ruzicka Luke Adam 60 1 2 2
2 Michael Chaput Logan MacMillan 40 1 2 2
4 vs 4 Defense
Defense Defense Time % Phy DF OF
1 Brendon Nash David Rundblad 60 1 2 2
2 Brayden McNabb Michael Stone 40 1 2 2
Last Minutes Offensive
Center Left Wing Right Wing Defense Defense
Luke Adam Logan MacMillan Stefan Ruzicka Brendon Nash David Rundblad
Last Minutes Defensive
Center Left Wing Right Wing Defense Defense
Luke Adam Logan MacMillan Stefan Ruzicka Brendon Nash David Rundblad
Goaltenders
Starting : Anders Nilsson
Backup : Harru Sateri
Extra Forwards
Normal : Theodor Blueger, Alex Henriksson, Thomas Gobeil - PP : Theodor Blueger, Alex Henriksson - PK : Thomas Gobeil
Extra Defensemen
Normal : Damon Severson, Samuel Groulx, Alex Plante - PP : Damon Severson - PK : Samuel Groulx, Alex Plante
Penalty Shots
Stefan Ruzicka, Luke Adam, Michael Chaput, Logan MacMillan, Brandon Kozun
Scratches
Kevin Connauton (Separated Left Shoulder Injury), Steve Ott (Left Hip Injury), Oscar Dansk (Healthy)
% Time on Ice - Remparts
Lines # - Real PCT - Wanted PCT - Time Play
Normal Forward
1 - 31% - 40% - 15:34
2 - 27% - 30% - 13:30
3 - 24% - 20% - 12:11
4 - 19% - 10% - 9:24
Normal Defense
1 - 39% - 40% - 19:33
2 - 33% - 30% - 16:28
3 - 25% - 20% - 12:32
4 - 4% - 10% - 2:06
PP Forward
1 - 53% - 60% - 2:06
2 - 47% - 40% - 1:52
PP Defense
1 - 64% - 60% - 2:32
2 - 36% - 40% - 1:26
PK Forward
1 - 73% - 60% - 3:57
2 - 27% - 40% - 1:26
PK Defense
1 - 65% - 60% - 3:29
2 - 35% - 40% - 1:54
PK3 Forward
1 - 0% - 60%
2 - 0% - 40%
PK3 Defense
1 - 0% - 60%
2 - 0% - 40%
44 Forward
1 - 0% - 60%
2 - 0% - 40%
44 Defense
1 - 0% - 60%
2 - 0% - 40%
Last Minute Offensive - 0:00
Last Minute Defensive - 0:00
Total
Forward - 60:00
Defense - 60:00
|
% Time on Ice - Ice Dragons
Lines # - Real PCT - Wanted PCT - Time Play
Normal Forward
1 - 32% - 40% - 16:06
2 - 30% - 30% - 15:25
3 - 23% - 20% - 11:39
4 - 15% - 10% - 7:26
Normal Defense
1 - 40% - 40% - 20:08
2 - 28% - 30% - 14:20
3 - 21% - 20% - 10:32
4 - 11% - 10% - 5:36
PP Forward
1 - 60% - 60% - 3:14
2 - 40% - 40% - 2:09
PP Defense
1 - 60% - 60% - 3:14
2 - 40% - 40% - 2:09
PK Forward
1 - 78% - 60% - 3:06
2 - 22% - 40% - 0:52
PK Defense
1 - 55% - 60% - 2:12
2 - 45% - 40% - 1:46
PK3 Forward
1 - 0% - 60%
2 - 0% - 40%
PK3 Defense
1 - 0% - 60%
2 - 0% - 40%
44 Forward
1 - 0% - 60%
2 - 0% - 40%
44 Defense
1 - 0% - 60%
2 - 0% - 40%
Last Minute Offensive - 0:00
Last Minute Defensive - 0:03
Total
Forward - 60:00
Defense - 60:00
|
Play by Play
1st period
0:01 of 1st period - Luke Adam wins face-off versus Ryan Strome in neutral zone.
0:28 of 1st period - Icing by David Rundblad.
0:29 of 1st period - Cédric Lalonde-McNicoll wins face-off versus Michael Chaput in Ice Dragons zone.
0:38 of 1st period - Snap shot by Nail Yakupov.
0:38 of 1st period - Stopped by Anders Nilsson with a rebound.
0:43 of 1st period - Off-side.
0:44 of 1st period - Brandon Mashinter wins face-off versus Sam Carrick in neutral zone.
0:57 of 1st period - Snap shot by Justin Williams.
0:57 of 1st period - Shot Blocked by Samuel Groulx.
1:13 of 1st period - Backhand shot by Anton Zlobin.
1:13 of 1st period - Shot Misses the Net.
1:15 of 1st period - Wrist shot by Juuso Ikonen.
1:15 of 1st period - Stopped by Anders Nilsson with a rebound.
1:17 of 1st period - Snap shot by Chris Mueller.
1:17 of 1st period - Goal by Chris Mueller - Remparts : 1 - Ice Dragons : 0.
1:18 of 1st period - Luke Adam wins face-off versus Max Reinhart in neutral zone.
1:45 of 1st period - Icing by Daniel Paille.
1:46 of 1st period - Cédric Lalonde-McNicoll wins face-off versus Michael Chaput in Remparts zone.
2:11 of 1st period - Brandon Gormley is hit by Brendon Nash and loses puck.
2:18 of 1st period - Slapshot by Erik Gustafsson.
2:18 of 1st period - Stopped by Anders Nilsson without a rebound.
2:19 of 1st period - Roberts Lipsbergs wins face-off versus Sam Carrick in Ice Dragons zone.
2:22 of 1st period - Wrist shot by Justin Williams.
2:22 of 1st period - Deflect By Roberts Lipsbergs.
2:22 of 1st period - Shot Blocked by Sam Carrick.
2:22 of 1st period - Puck is out of play.
2:23 of 1st period - Sam Carrick wins face-off versus Roberts Lipsbergs in Ice Dragons zone.
2:54 of 1st period - Slapshot by Chris Mueller.
2:54 of 1st period - Shot Misses the Net.
3:31 of 1st period - Snap shot by Brandon Kozun.
3:31 of 1st period - Shot Misses the Net.
3:33 of 1st period - Slapshot by Brandon Kozun.
3:33 of 1st period - Stopped by Jason Missiaen without a rebound.
3:34 of 1st period - Michael Chaput wins face-off versus Cédric Lalonde-McNicoll in Remparts zone.
3:53 of 1st period - Brendon Nash is hit by Viktor Baldayev and loses puck.
4:00 of 1st period - Daniel Paille is hit by William Carrier and loses puck.
4:07 of 1st period - Wrist shot by Michael Chaput.
4:07 of 1st period - Shot Misses the Net.
4:15 of 1st period - Snap shot by Cédric Lalonde-McNicoll.
4:15 of 1st period - Stopped by Anders Nilsson with a rebound.
4:17 of 1st period - Wrist shot by Daniel Paille.
4:17 of 1st period - Stopped by Anders Nilsson with a rebound.
4:19 of 1st period - Snap shot by Daniel Paille.
4:19 of 1st period - Stopped by Anders Nilsson with a rebound.
4:23 of 1st period - Slapshot by Nail Yakupov.
4:23 of 1st period - Stopped by Anders Nilsson without a rebound.
4:24 of 1st period - Luke Adam wins face-off versus Max Reinhart in Ice Dragons zone.
4:49 of 1st period - Brendon Nash is hit by Roberts Lipsbergs and loses puck.
5:05 of 1st period - Icing by Michal Jordan.
5:06 of 1st period - Sam Carrick wins face-off versus Chris Mueller in Remparts zone.
5:07 of 1st period - Snap shot by Michael Ferland.
5:07 of 1st period - Shot Misses the Net.
5:21 of 1st period - Snap shot by Chris Mueller.
5:21 of 1st period - Stopped by Anders Nilsson without a rebound.
5:22 of 1st period - Max Reinhart wins face-off versus Luke Adam in Ice Dragons zone.
5:47 of 1st period - Keaton Thompson is hit by David Rundblad and loses puck.
6:18 of 1st period - Slapshot by Michael Chaput.
6:18 of 1st period - Deflect By Brandon Gormley.
6:18 of 1st period - Shot Misses the Net.
6:18 of 1st period - Puck is out of play.
6:19 of 1st period - Max Reinhart wins face-off versus Luke Adam in Remparts zone.
6:44 of 1st period - Damon Severson is hit by Brandon Gormley and loses puck.
7:15 of 1st period - Slapshot by Nail Yakupov.
7:15 of 1st period - Stopped by Anders Nilsson with a rebound.
7:35 of 1st period - Snap shot by Chris Mueller.
7:35 of 1st period - Shot Misses the Net.
7:37 of 1st period - Snap shot by Chris Mueller.
7:37 of 1st period - Deflect By Juuso Ikonen.
7:37 of 1st period - Shot Misses the Net.
7:37 of 1st period - Puck is out of play.
7:38 of 1st period - Luke Adam wins face-off versus Max Reinhart in Ice Dragons zone.
7:45 of 1st period - Backhand shot by Luke Adam.
7:45 of 1st period - Stopped by Jason Missiaen with a rebound.
7:47 of 1st period - Slapshot by David Rundblad.
7:47 of 1st period - Shot Misses the Net.
8:30 of 1st period - Wrist shot by Nail Yakupov.
8:30 of 1st period - Stopped by Anders Nilsson with a rebound.
8:32 of 1st period - Wrist shot by Daniel Paille.
8:32 of 1st period - Stopped by Anders Nilsson without a rebound.
8:33 of 1st period - Sam Carrick wins face-off versus Cédric Lalonde-McNicoll in Ice Dragons zone.
8:58 of 1st period - Pontus Aberg is hit by Brendon Nash.
9:28 of 1st period - Wrist shot by Michael Chaput.
9:28 of 1st period - Shot Misses the Net.
9:30 of 1st period - Slapshot by David Rundblad.
9:30 of 1st period - Deflect By William Carrier.
9:30 of 1st period - Stopped by Jason Missiaen with a rebound.
9:36 of 1st period - Minor Penalty to Keaton Thompson for Tripping.
9:37 of 1st period - Luke Adam wins face-off versus Max Reinhart in Remparts zone.
9:40 of 1st period - Slapshot by Stefan Ruzicka.
9:40 of 1st period - Shot Misses the Net.
9:42 of 1st period - Slapshot by Brayden McNabb.
9:42 of 1st period - Shot Blocked by Griffin Reinhart.
9:44 of 1st period - Slapshot by Brayden McNabb.
9:44 of 1st period - Shot Misses the Net.
9:46 of 1st period - Slapshot by Brayden McNabb.
9:46 of 1st period - Deflect By Stefan Ruzicka.
9:46 of 1st period - Shot Misses the Net.
9:46 of 1st period - Puck is out of play.
9:47 of 1st period - Luke Adam wins face-off versus Max Reinhart in Remparts zone.
9:50 of 1st period - Slapshot by Stefan Ruzicka.
9:50 of 1st period - Shot Misses the Net.
9:52 of 1st period - Slapshot by Brayden McNabb.
9:52 of 1st period - Stopped by Jason Missiaen with a rebound.
9:54 of 1st period - Slapshot by Brayden McNabb.
9:54 of 1st period - Deflect By Brandon Gormley.
9:54 of 1st period - Stopped by Jason Missiaen with a rebound.
9:56 of 1st period - Slapshot by Logan MacMillan.
9:56 of 1st period - Goal by Logan MacMillan - Remparts : 1 - Ice Dragons : 1.
9:57 of 1st period - Ryan Strome wins face-off versus Luke Adam in neutral zone.
10:32 of 1st period - Slapshot by Brandon Gormley.
10:32 of 1st period - Shot Blocked by Brandon Kozun.
11:33 of 1st period - Snap shot by Brandon Kozun.
11:33 of 1st period - Stopped by Jason Missiaen with a rebound.
11:39 of 1st period - Snap shot by Max Reinhart.
11:39 of 1st period - Stopped by Anders Nilsson without a rebound.
11:40 of 1st period - Luke Adam wins face-off versus Brandon Mashinter in Ice Dragons zone.
12:06 of 1st period - Brandon Gormley is hit by Michael Stone and loses puck.
12:19 of 1st period - Slapshot by Cédric Lalonde-McNicoll.
12:19 of 1st period - Shot Misses the Net.
14:21 of 1st period - Snap shot by Daniel Paille.
14:21 of 1st period - Stopped by Anders Nilsson without a rebound.
14:22 of 1st period - Emil Pettersson wins face-off versus Cédric Lalonde-McNicoll in Ice Dragons zone.
14:22 of 1st period - Emil Pettersson is hit by Nail Yakupov.
14:31 of 1st period - Snap shot by Samuel Groulx.
14:31 of 1st period - Deflect By Daniel Paille.
14:31 of 1st period - Stopped by Jason Missiaen with a rebound.
15:26 of 1st period - Snap shot by Michael Chaput.
15:26 of 1st period - Stopped by Jason Missiaen with a rebound.
15:28 of 1st period - Slapshot by Justin Shugg.
15:28 of 1st period - Shot Misses the Net.
15:34 of 1st period - Wrist shot by Michael Ferland.
15:34 of 1st period - Shot Blocked by Michal Jordan.
16:25 of 1st period - Icing by Michal Jordan.
16:26 of 1st period - Brandon Mashinter wins face-off versus Michael Chaput in Remparts zone.
16:41 of 1st period - Justin Williams is hit by William Carrier and loses puck.
16:42 of 1st period - Justin Williams from Remparts is injured at 16:42 of 1st period (Left Hip).
16:43 of 1st period - Max Reinhart wins face-off versus Luke Adam in Remparts zone.
17:39 of 1st period - Wrist shot by Brandon Mashinter.
17:39 of 1st period - Shot Misses the Net.
17:51 of 1st period - Slapshot by Michal Jordan.
17:51 of 1st period - Shot Blocked by Brayden McNabb.
17:53 of 1st period - Slapshot by Juuso Ikonen.
17:53 of 1st period - Shot Blocked by Brayden McNabb.
17:55 of 1st period - Slapshot by Chris Mueller.
17:55 of 1st period - Shot Blocked by Brayden McNabb.
17:57 of 1st period - Snap shot by Chris Mueller.
17:57 of 1st period - Stopped by Anders Nilsson without a rebound.
17:58 of 1st period - Cédric Lalonde-McNicoll wins face-off versus Luke Adam in Ice Dragons zone.
18:03 of 1st period - Slapshot by Daniel Paille.
18:03 of 1st period - Stopped by Anders Nilsson with a rebound.
18:49 of 1st period - Michael Chaput is hit by Brandon Mashinter and loses puck.
19:44 of 1st period - Wrist shot by Brendon Nash.
19:44 of 1st period - Stopped by Jason Missiaen without a rebound.
19:45 of 1st period - Cédric Lalonde-McNicoll wins face-off versus Sam Carrick in Remparts zone.
19:58 of 1st period - Brendon Nash is hit by Cédric Lalonde-McNicoll and loses puck.
Goals for this period are 1 for Remparts vs 1 for Ice Dragons.
Shots for this period are 16 for Remparts vs 10 for Ice Dragons.
2nd period
0:01 of 2nd period - Luke Adam wins face-off versus Max Reinhart in neutral zone.
0:50 of 2nd period - Chris Mueller is hit by Brendon Nash and loses puck.
1:10 of 2nd period - Off-side.
1:11 of 2nd period - Michael Ferland wins face-off versus Brandon Mashinter in neutral zone.
1:32 of 2nd period - Samuel Groulx is hit by Ryan Strome.
2:13 of 2nd period - Slapshot by Justin Shugg.
2:13 of 2nd period - Stopped by Jason Missiaen without a rebound.
2:14 of 2nd period - Cédric Lalonde-McNicoll wins face-off versus Luke Adam in Remparts zone.
2:23 of 2nd period - Daniel Paille is hit by Logan MacMillan.
4:03 of 2nd period - Slapshot by Brendon Nash.
4:03 of 2nd period - Stopped by Jason Missiaen without a rebound.
4:04 of 2nd period - Luke Adam wins face-off versus Chris Mueller in Remparts zone.
4:46 of 2nd period - Snap shot by David Rundblad.
4:46 of 2nd period - Shot Misses the Net.
4:48 of 2nd period - Slapshot by David Rundblad.
4:48 of 2nd period - Shot Blocked by Griffin Reinhart.
5:10 of 2nd period - Snap shot by Ryan Strome.
5:10 of 2nd period - Deflect By Roberts Lipsbergs.
5:10 of 2nd period - Stopped by Anders Nilsson without a rebound.
5:11 of 2nd period - Brandon Mashinter wins face-off versus Luke Adam in Ice Dragons zone.
5:20 of 2nd period - Slapshot by Brandon Gormley.
5:20 of 2nd period - Shot Misses the Net.
5:24 of 2nd period - Wrist shot by Brandon Mashinter.
5:24 of 2nd period - Stopped by Anders Nilsson without a rebound.
5:25 of 2nd period - Max Reinhart wins face-off versus Michael Chaput in Ice Dragons zone.
5:26 of 2nd period - Wrist shot by Ryan Strome.
5:26 of 2nd period - Stopped by Anders Nilsson with a rebound.
5:34 of 2nd period - Slapshot by Brandon Gormley.
5:34 of 2nd period - Shot Misses the Net.
5:50 of 2nd period - Michael Stone is hit by Brandon Gormley and loses puck.
6:07 of 2nd period - Daniel Paille is hit by Brayden McNabb and loses puck.
7:21 of 2nd period - Icing by David Rundblad.
7:22 of 2nd period - Luke Adam wins face-off versus Max Reinhart in Ice Dragons zone.
7:29 of 2nd period - Snap shot by Stefan Ruzicka.
7:29 of 2nd period - Stopped by Jason Missiaen without a rebound.
7:30 of 2nd period - Michael Chaput wins face-off versus Max Reinhart in Remparts zone.
7:35 of 2nd period - Wrist shot by Brandon Kozun.
7:35 of 2nd period - Stopped by Jason Missiaen with a rebound.
7:55 of 2nd period - Brandon Gormley is hit by Damon Severson and loses puck.
8:06 of 2nd period - Wrist shot by Emil Pettersson.
8:06 of 2nd period - Shot Misses the Net.
8:08 of 2nd period - Slapshot by Michael Stone.
8:08 of 2nd period - Stopped by Jason Missiaen with a rebound.
8:19 of 2nd period - Off-side.
8:20 of 2nd period - Sam Carrick wins face-off versus Brandon Mashinter in neutral zone.
8:31 of 2nd period - Slapshot by Sam Carrick.
8:31 of 2nd period - Stopped by Jason Missiaen without a rebound.
8:32 of 2nd period - Brandon Mashinter wins face-off versus Michael Chaput in Remparts zone.
8:39 of 2nd period - Icing by David Rundblad.
8:40 of 2nd period - Michael Chaput wins face-off versus Brandon Mashinter in Ice Dragons zone.
9:02 of 2nd period - Snap shot by Michael Chaput.
9:02 of 2nd period - Shot Blocked by Griffin Reinhart.
9:04 of 2nd period - Snap shot by Michael Chaput.
9:04 of 2nd period - Stopped by Jason Missiaen with a rebound.
9:06 of 2nd period - Slapshot by Brendon Nash.
9:06 of 2nd period - Shot Blocked by Ryan Strome.
9:08 of 2nd period - Slapshot by Brendon Nash.
9:08 of 2nd period - Shot Blocked by Ryan Strome.
9:10 of 2nd period - Snap shot by Brandon Kozun.
9:10 of 2nd period - Stopped by Jason Missiaen without a rebound.
9:11 of 2nd period - Daniel Paille wins face-off versus Luke Adam in Remparts zone.
9:22 of 2nd period - Stefan Ruzicka is hit by Cédric Lalonde-McNicoll and loses puck.
10:01 of 2nd period - Erik Gustafsson is hit by William Carrier.
10:21 of 2nd period - Slapshot by Michael Stone.
10:21 of 2nd period - Stopped by Jason Missiaen without a rebound.
10:22 of 2nd period - Emil Pettersson wins face-off versus Max Reinhart in Remparts zone.
10:45 of 2nd period - Slapshot by Brendon Nash.
10:45 of 2nd period - Goal by Brendon Nash - Remparts : 1 - Ice Dragons : 2.
10:46 of 2nd period - Max Reinhart wins face-off versus Luke Adam in neutral zone.
10:56 of 2nd period - Slapshot by Brendon Nash.
10:56 of 2nd period - Deflect By Luke Adam.
10:56 of 2nd period - Stopped by Jason Missiaen without a rebound.
10:57 of 2nd period - Luke Adam wins face-off versus Max Reinhart in Remparts zone.
10:58 of 2nd period - Slapshot by Stefan Ruzicka.
10:58 of 2nd period - Stopped by Jason Missiaen with a rebound.
11:10 of 2nd period - Slapshot by Brandon Gormley.
11:10 of 2nd period - Stopped by Anders Nilsson without a rebound.
11:11 of 2nd period - Max Reinhart wins face-off versus Luke Adam in Ice Dragons zone.
11:37 of 2nd period - Max Reinhart is hit by Michael Ferland and loses puck.
11:42 of 2nd period - Slapshot by Brendon Nash.
11:42 of 2nd period - Stopped by Jason Missiaen without a rebound.
11:43 of 2nd period - Cédric Lalonde-McNicoll wins face-off versus Michael Ferland in Remparts zone.
11:54 of 2nd period - Snap shot by Cédric Lalonde-McNicoll.
11:54 of 2nd period - Stopped by Anders Nilsson without a rebound.
11:55 of 2nd period - Luke Adam wins face-off versus Max Reinhart in Ice Dragons zone.
12:06 of 2nd period - Snap shot by Luke Adam.
12:06 of 2nd period - Stopped by Jason Missiaen with a rebound.
12:08 of 2nd period - Wrist shot by Stefan Ruzicka.
12:08 of 2nd period - Stopped by Jason Missiaen with a rebound.
12:10 of 2nd period - Wrist shot by Logan MacMillan.
12:10 of 2nd period - Shot Misses the Net.
12:22 of 2nd period - William Carrier is hit by Cédric Lalonde-McNicoll and loses puck.
12:26 of 2nd period - Icing by William Carrier.
12:27 of 2nd period - Cédric Lalonde-McNicoll wins face-off versus Michael Chaput in Ice Dragons zone.
12:42 of 2nd period - Wrist shot by Cédric Lalonde-McNicoll.
12:42 of 2nd period - Shot Misses the Net.
13:21 of 2nd period - Minor Penalty to Roberts Lipsbergs for Interference.
13:22 of 2nd period - Luke Adam wins face-off versus Max Reinhart in Remparts zone.
14:53 of 2nd period - Icing by David Rundblad.
14:54 of 2nd period - Luke Adam wins face-off versus Brandon Mashinter in Ice Dragons zone.
15:21 of 2nd period - Penalty to Roberts Lipsbergs is over, Roberts Lipsbergs is back on ice.
15:50 of 2nd period - Slapshot by Chris Wagner.
15:50 of 2nd period - Stopped by Jason Missiaen with a rebound.
15:58 of 2nd period - Wrist shot by Chris Wagner.
15:58 of 2nd period - Stopped by Jason Missiaen with a rebound.
16:00 of 2nd period - Slapshot by Samuel Groulx.
16:00 of 2nd period - Stopped by Jason Missiaen with a rebound.
16:16 of 2nd period - Brandon Kozun is hit by Ryan Strome and loses puck.
16:55 of 2nd period - Snap shot by Max Reinhart.
16:55 of 2nd period - Stopped by Anders Nilsson with a rebound.
17:13 of 2nd period - Snap shot by Luke Adam.
17:13 of 2nd period - Shot Misses the Net.
17:45 of 2nd period - Michael Stone is hit by Ryan Strome and loses puck.
18:33 of 2nd period - Icing by Pontus Aberg.
18:34 of 2nd period - Luke Adam wins face-off versus Max Reinhart in Remparts zone.
18:59 of 2nd period - Daniel Paille is hit by William Carrier and loses puck.
19:08 of 2nd period - Slapshot by Brendon Nash.
19:08 of 2nd period - Stopped by Jason Missiaen without a rebound.
19:09 of 2nd period - Luke Adam wins face-off versus Brandon Mashinter in Remparts zone.
19:36 of 2nd period - Snap shot by Sam Carrick.
19:36 of 2nd period - Shot Misses the Net.
19:38 of 2nd period - Minor Penalty to Keaton Thompson for Hooking.
19:39 of 2nd period - Luke Adam wins face-off versus Max Reinhart in Remparts zone.
19:40 of 2nd period - Slapshot by Brendon Nash.
19:40 of 2nd period - Shot Misses the Net.
19:42 of 2nd period - Slapshot by Brendon Nash.
19:42 of 2nd period - Deflect By Logan MacMillan.
19:42 of 2nd period - Shot Misses the Net.
19:42 of 2nd period - Puck is out of play.
19:43 of 2nd period - Luke Adam wins face-off versus Max Reinhart in Remparts zone.
Goals for this period are 0 for Remparts vs 1 for Ice Dragons.
Shots for this period are 6 for Remparts vs 19 for Ice Dragons.
3rd period
0:01 of 3rd period - Luke Adam wins face-off versus Max Reinhart in neutral zone.
1:38 of 3rd period - Penalty to Keaton Thompson is over, Keaton Thompson is back on ice.
1:56 of 3rd period - Snap shot by Cole Ully.
1:56 of 3rd period - Stopped by Jason Missiaen with a rebound.
1:58 of 3rd period - Wrist shot by Damon Severson.
1:58 of 3rd period - Stopped by Jason Missiaen with a rebound.
2:00 of 3rd period - Wrist shot by Emil Pettersson.
2:00 of 3rd period - Shot Misses the Net.
2:02 of 3rd period - Slapshot by Damon Severson.
2:02 of 3rd period - Shot Blocked by Keaton Thompson.
2:14 of 3rd period - Slapshot by Ryan Strome.
2:14 of 3rd period - Deflect By Brandon Mashinter.
2:14 of 3rd period - Shot Blocked by Samuel Groulx.
2:14 of 3rd period - Puck is out of play.
2:15 of 3rd period - Roberts Lipsbergs wins face-off versus Sam Carrick in Ice Dragons zone.
2:55 of 3rd period - Minor Penalty to Sam Carrick for Slashing.
2:56 of 3rd period - Cédric Lalonde-McNicoll wins face-off versus Stefan Ruzicka in Ice Dragons zone.
3:04 of 3rd period - Wrist shot by Daniel Paille.
3:04 of 3rd period - Shot Misses the Net.
3:33 of 3rd period - Slapshot by Max Reinhart.
3:33 of 3rd period - Stopped by Anders Nilsson without a rebound.
3:34 of 3rd period - Thomas Gobeil wins face-off versus Max Reinhart in Ice Dragons zone.
3:45 of 3rd period - David Rundblad is hit by Pontus Aberg and loses puck.
4:55 of 3rd period - Penalty to Sam Carrick is over, Sam Carrick is back on ice.
5:07 of 3rd period - Slapshot by David Rundblad.
5:07 of 3rd period - Deflect By William Carrier.
5:07 of 3rd period - Stopped by Jason Missiaen without a rebound.
5:08 of 3rd period - Michael Chaput wins face-off versus Brandon Mashinter in Remparts zone.
5:15 of 3rd period - Wrist shot by Michael Chaput.
5:15 of 3rd period - Shot Misses the Net.
6:39 of 3rd period - Snap shot by Chris Mueller.
6:39 of 3rd period - Stopped by Anders Nilsson with a rebound.
6:41 of 3rd period - Snap shot by Griffin Reinhart.
6:41 of 3rd period - Stopped by Anders Nilsson without a rebound.
6:42 of 3rd period - Michael Chaput wins face-off versus Max Reinhart in Ice Dragons zone.
6:48 of 3rd period - Off-side.
6:49 of 3rd period - Pontus Aberg wins face-off versus Michael Chaput in neutral zone.
7:09 of 3rd period - Minor Penalty to William Carrier for Goalie Interference.
7:10 of 3rd period - Stefan Ruzicka wins face-off versus Max Reinhart in Ice Dragons zone.
7:10 of 3rd period - Stefan Ruzicka is hit by Ryan Strome.
7:32 of 3rd period - Luke Adam is hit by Max Reinhart and loses puck.
8:22 of 3rd period - Logan MacMillan is hit by Griffin Reinhart and loses puck.
9:09 of 3rd period - Penalty to William Carrier is over, William Carrier is back on ice.
9:29 of 3rd period - Wrist shot by William Carrier.
9:29 of 3rd period - Stopped by Jason Missiaen without a rebound.
9:30 of 3rd period - Brandon Mashinter wins face-off versus Michael Chaput in Remparts zone.
9:37 of 3rd period - Snap shot by Max Reinhart.
9:37 of 3rd period - Stopped by Anders Nilsson with a rebound.
9:51 of 3rd period - Snap shot by Chris Mueller.
9:51 of 3rd period - Stopped by Anders Nilsson with a rebound.
10:02 of 3rd period - William Carrier is hit by Erik Gustafsson and loses puck.
10:39 of 3rd period - Wrist shot by Michael Chaput.
10:39 of 3rd period - Shot Blocked by Brandon Gormley.
10:41 of 3rd period - Wrist shot by Michael Chaput.
10:41 of 3rd period - Shot Blocked by Brandon Gormley.
10:43 of 3rd period - Snap shot by Michael Chaput.
10:43 of 3rd period - Deflect By Brandon Kozun.
10:43 of 3rd period - Shot Blocked by Chris Mueller.
10:43 of 3rd period - Puck is out of play.
10:44 of 3rd period - Luke Adam wins face-off versus Max Reinhart in Remparts zone.
10:47 of 3rd period - Snap shot by Luke Adam.
10:47 of 3rd period - Stopped by Jason Missiaen without a rebound.
10:48 of 3rd period - Max Reinhart wins face-off versus Luke Adam in Remparts zone.
10:53 of 3rd period - Snap shot by Ryan Strome.
10:53 of 3rd period - Stopped by Anders Nilsson with a rebound.
11:01 of 3rd period - Wrist shot by Max Reinhart.
11:01 of 3rd period - Shot Blocked by Brendon Nash.
11:39 of 3rd period - Slapshot by David Rundblad.
11:39 of 3rd period - Stopped by Jason Missiaen without a rebound.
11:40 of 3rd period - Cédric Lalonde-McNicoll wins face-off versus Emil Pettersson in Remparts zone.
11:40 of 3rd period - Cédric Lalonde-McNicoll is hit by Emil Pettersson.
11:52 of 3rd period - Slapshot by Daniel Paille.
11:52 of 3rd period - Stopped by Anders Nilsson with a rebound.
11:54 of 3rd period - Wrist shot by Daniel Paille.
11:54 of 3rd period - Stopped by Anders Nilsson without a rebound.
11:55 of 3rd period - Luke Adam wins face-off versus Max Reinhart in Ice Dragons zone.
12:10 of 3rd period - Wrist shot by Stefan Ruzicka.
12:10 of 3rd period - Stopped by Jason Missiaen with a rebound.
13:25 of 3rd period - Snap shot by Erik Gustafsson.
13:25 of 3rd period - Shot Blocked by David Rundblad.
13:50 of 3rd period - Snap shot by Brandon Gormley.
13:50 of 3rd period - Shot Hit the Post.
14:05 of 3rd period - Slapshot by Chris Mueller.
14:05 of 3rd period - Stopped by Anders Nilsson with a rebound.
14:07 of 3rd period - Snap shot by Anton Zlobin.
14:07 of 3rd period - Shot Blocked by David Rundblad.
14:19 of 3rd period - Cole Ully is hit by Roberts Lipsbergs.
14:31 of 3rd period - Slapshot by Brendon Nash.
14:31 of 3rd period - Stopped by Jason Missiaen with a rebound.
14:33 of 3rd period - Wrist shot by Stefan Ruzicka.
14:33 of 3rd period - Shot Blocked by Max Reinhart.
14:35 of 3rd period - Wrist shot by Stefan Ruzicka.
14:35 of 3rd period - Deflect By Ryan Strome.
14:35 of 3rd period - Shot Blocked by Keaton Thompson.
14:35 of 3rd period - Puck is out of play.
14:36 of 3rd period - Max Reinhart wins face-off versus Luke Adam in Remparts zone.
14:36 of 3rd period - Max Reinhart is hit by Logan MacMillan.
15:01 of 3rd period - William Carrier is hit by Anton Zlobin and loses puck.
15:07 of 3rd period - Off-side.
15:08 of 3rd period - Juuso Ikonen wins face-off versus Luke Adam in neutral zone.
15:11 of 3rd period - Slapshot by Keaton Thompson.
15:11 of 3rd period - Shot Misses the Net.
15:13 of 3rd period - Wrist shot by Juuso Ikonen.
15:13 of 3rd period - Shot Misses the Net.
15:15 of 3rd period - Slapshot by Keaton Thompson.
15:15 of 3rd period - Shot Misses the Net.
15:17 of 3rd period - Snap shot by Juuso Ikonen.
15:17 of 3rd period - Stopped by Anders Nilsson without a rebound.
15:18 of 3rd period - Max Reinhart wins face-off versus Luke Adam in Ice Dragons zone.
15:29 of 3rd period - Snap shot by Stefan Ruzicka.
15:29 of 3rd period - Deflect By Luke Adam.
15:29 of 3rd period - Shot Blocked by Viktor Baldayev.
15:29 of 3rd period - Puck is out of play.
15:30 of 3rd period - Stefan Ruzicka wins face-off versus Max Reinhart in Remparts zone.
15:33 of 3rd period - Snap shot by Stefan Ruzicka.
15:33 of 3rd period - Shot Blocked by Michal Jordan.
15:35 of 3rd period - Wrist shot by Logan MacMillan.
15:35 of 3rd period - Deflect By Luke Adam.
15:35 of 3rd period - Stopped by Jason Missiaen with a rebound.
15:55 of 3rd period - Griffin Reinhart is hit by Brendon Nash and loses puck.
16:56 of 3rd period - Snap shot by Stefan Ruzicka.
16:56 of 3rd period - Shot Blocked by Chris Mueller.
16:58 of 3rd period - Slapshot by Samuel Groulx.
16:58 of 3rd period - Deflect By Stefan Ruzicka.
16:58 of 3rd period - Stopped by Jason Missiaen with a rebound.
17:13 of 3rd period - Samuel Groulx is hit by Max Reinhart and loses puck.
17:30 of 3rd period - David Rundblad is hit by Pontus Aberg and loses puck.
17:36 of 3rd period - Off-side.
17:37 of 3rd period - Cédric Lalonde-McNicoll wins face-off versus Luke Adam in neutral zone.
17:46 of 3rd period - Snap shot by Cédric Lalonde-McNicoll.
17:46 of 3rd period - Stopped by Anders Nilsson with a rebound.
18:19 of 3rd period - Ryan Strome is hit by William Carrier and loses puck.
18:46 of 3rd period - Slapshot by Brendon Nash.
18:46 of 3rd period - Stopped by Jason Missiaen with a rebound.
18:54 of 3rd period - Minor Penalty to Cédric Lalonde-McNicoll for Hooking.
18:55 of 3rd period - Max Reinhart wins face-off versus Luke Adam in Remparts zone.
Goals for this period are 0 for Remparts vs 0 for Ice Dragons.
Shots for this period are 11 for Remparts vs 11 for Ice Dragons.
Back to the Top